 Dungeon Crawl Stone Soup version 0.31.0-32-g396128a36d (webtiles) character file.

Game seed: 259017654582892761

148 Subliminal the Trooper (level 5, -9/43 (48) HPs)
             Began as a Hill Orc Fighter on Apr 22, 2024.
             Mangled by a hell rat (12 damage)
             ... in a sewer.
             The game lasted 00:03:05 (2268 turns).

Subliminal the Trooper (Hill Orc Fighter)           Turns: 2268, Time: 00:03:05

HP:   -9/43 (48)    AC:  7    Str: 21    XL:     5   Next: 30%
MP:   5/5           EV:  9    Int:  8    God:
Gold: 75            SH:  4    Dex: 10    Spells: 4/4 levels left

rFire   . . .        a - +0 war axe
rCold   . . .        c - +0 buckler
rNeg    . . .        b - +0 scale mail
rPois   .            (no helmet)
rElec   .            (no cloak)
rCorr   .            (no gloves)
SInv    .            (no boots)
Will    .....        (no amulet) Stlth
                     (no ring)
HPRegen 0.27/turn    (no ring)
MPRegen 0.09/turn

%: no passive effects
@: mighty, heavily drained
A: no striking features
a: no special abilities


You were in a sewer.
You visited 1 branch of the dungeon, and saw 3 of its levels.
You also visited: Sewer.

You collected 75 gold pieces.


   Skills:
 - Level 5.0 Fighting
 + Level 4.6 Axes
 - Level 4.0 Armour
 - Level 4.0 Shields


You had 4 spell levels left.
You didn't know any spells.
Your spell library was empty.

Inventory:

Hand Weapons
 a - a +0 war axe (weapon)
Armour
 b - a +0 scale mail (worn)
 c - a +0 buckler (worn)
 l - a +0 pair of gloves
Scrolls
 e - a scroll of identify {unknown}
 g - 3 scrolls of amnesia {unknown}
 h - a scroll of noise {unknown}
Potions
 f - a potion of mutation {unknown}
 i - a potion of invisibility {unknown}
 k - a potion of resistance {unknown}

Dungeon Overview and Level Annotations

Branches:
Dungeon (3/15)              Sewer (1/1)

Altars:
Vehumet

#########
###~~~.~~~###
#..~~..~~..~###
~~~~▒▒@▒▒.~~~~# ~
▒~r~▒▒▒~~.##
~~~~~~.▒▒~~.# ~
▒.~~~~~.~.▒~..#
..▒▒~:??!?.▒▒~..#
..~▒▒▒!∩[▒▒▒...##
~~~~~▒▒▒▒▒~..~.#
#~~~.~∩~†~~.###
##.~.∩.††###


You could see a hell rat.


Message History

You feel very mighty all of a sudden.
The hell rat splashes around in the water.
Unknown command.
You barely miss the hell rat.
The hell rat is moderately wounded.
The hell rat barely misses you. The hell rat bites you.
* * * LOW HITPOINT WARNING * * *
Unknown command.
You barely miss the hell rat.
The hell rat is moderately wounded.
The hell rat splashes around in the water.
The hell rat closely misses you.
You barely miss the hell rat.
The hell rat is moderately wounded.
The hell rat barely misses you.
Unknown command.
You hit the hell rat.
The hell rat is moderately wounded.
The hell rat bites you.
* * * LOW HITPOINT WARNING * * *
The hell rat bites you.
* * * LOW HITPOINT WARNING * * *
You barely miss the hell rat.
The hell rat is moderately wounded.
The hell rat closely misses you.
Unknown command.
You closely miss the hell rat.
The hell rat is moderately wounded.
The hell rat bites you!
You die...

Skill      XL: |  1  2  3  4 |
---------------+-------------+-----
Fighting       | 4 5 |  5.0
Axes           | 3 4 |  4.6
Armour         | 4 |  4.0
Shields        | 4 |  4.0

Action                     |  1- 3 |  4- 6 || total
---------------------------+-------+-------++-------
  Melee: War axe           |   131 |    82 ||   213
    Use: Potion            |       |     2 ||     2
 Armour: Scale mail        |    94 |    54 ||   148
  Dodge: Dodged            |    65 |    29 ||    94
  Block: Buckler           |    20 |    17 ||    37

Levels and vault maps discovered:
D:1:      lightli_arrival_noodles, layout_basic
D:2:      layout_basic, small_statue_intersection
D:3:      layout_basic, nicolae_vehumet_radiance, portal_sewer_entry_a,
          interstate_on_off, reono_crystal_passage
Sewer:    sewer_hellmonk_bad_rat

Notes
Turn   | Place    | Note
-------+----------+-------------------------------------------
     0 | D:1      | Subliminal the Hill Orc Fighter began the quest for the
                  | Orb.
     0 | D:1      | Reached XP level 1. HP: 19/19 MP: 1/1
    46 | D:1      | Reached skill level 4 in Fighting
    93 | D:1      | Reached skill level 3 in Axes
    96 | D:1      | Reached XP level 2. HP: 25/27 MP: 2/2
   276 | D:1      | Reached skill level 4 in Axes
   330 | D:1      | Reached XP level 3. HP: 30/33 MP: 3/3
  1279 | D:2      | Reached XP level 4. HP: 40/40 MP: 4/4
  1286 | D:2      | Reached skill level 4 in Armour
  1327 | D:2      | Reached skill level 4 in Shields
  1972 | D:3      | Found a radiant altar of Vehumet.
  2032 | D:3      | Reached skill level 5 in Fighting
  2032 | D:3      | Reached XP level 5. HP: 15/48 MP: 5/5
  2057 | D:3      | Found a glowing drain.
  2091 | Sewer    | Entered a sewer
  2260 | Sewer    | HP: 3/44 [hell rat (4)]
  2266 | Sewer    | HP: 3/43 [hell rat (6)]
  2268 | Sewer    | Mangled by a hell rat

Vanquished Creatures
  3 gnolls (D:3)
  3 adders
  2 river rats (Sewer)
  4 ribbon worms
  A dart slug (D:1)
  An orc (D:3)
  4 ball pythons (D:1)
  2 bats
  5 endoplasms
  6 giant cockroaches
  5 goblins
  4 hobgoblins
  2 quokkas
  2 frilled lizards (D:2)
  6 kobolds
  17 rats
67 creatures vanquished.

Table legend: (Time is in decaauts)
 A = Elapsed time spent in this place.
 B = Non-inter-level travel time spent in this place.
 C = Inter-level travel time spent in this place.
 D = Time resting spent in this place.
 E = Time spent auto-exploring this place.
 F = Levels seen in this place.
 G = Mean time per level.
                   A        B        C        D        E       F      G
               +--------+--------+--------+--------+--------+-----+--------+
         Total |   2349 |   2225 |    124 |    271 |   1435 |   4 |  587.2 |
       Dungeon |   2154 |   2030 |    124 |    155 |   1418 |   3 |  718.0 |
         Sewer |    194 |    194 |      0 |    116 |     17 |   1 |  194.0 |
               +--------+--------+--------+--------+--------+-----+--------+

Top non-repeatable levels by time:
     D:1: 1050 daAuts
     D:2: 869 daAuts
     D:3: 234 daAuts
   Sewer: 194 daAuts

Table legend:
 A = Non-vault XP
 B = Vault XP
 C = Vault XP percentage of total XP
 D = Non-vault monster count
 E = Vault monster count
 F = Vault count percentage of total count
                 A         B        C        D         E       F
            +---------+---------+-------+---------+---------+-------
      Total |     175 |      37 |  17.5 |      58 |       9 |  13.4
            +---------+---------+-------+---------+---------+-------
        D:1 |      61 |       0 |   0.0 |      30 |       0 |   0.0
        D:2 |      53 |       0 |   0.0 |      22 |       0 |   0.0
        D:3 |      61 |       7 |  10.3 |       6 |       3 |  33.3
      Sewer |       0 |      30 | 100.0 |       0 |       6 | 100.0
            +---------+---------+-------+---------+---------+-------
